 Dungeon Crawl Stone Soup version 0.30-a0-12-gd8047c6341 (webtiles) character file.

Game seed: 4382460178366014288

92248 nickcage the Bludgeoner (level 15, -6/139 HPs)
             Began as a Minotaur Berserker on Aug 23, 2022.
             Was a High Priest of Trog.
             Mangled by an orc high priest
             ... wielding a +0 long sword
              (9 damage)
             ... on level 2 of the Orcish Mines.
             The game lasted 01:12:33 (22353 turns).

nickcage the Bludgeoner (Minotaur Berserker)       Turns: 22353, Time: 01:12:34

Health: -6/139     AC:  9    Str: 34      XL:     15   Next: 57%
Magic:  14/14      EV:  8    Int:  2 (4)  God:    Trog [*****.]
Gold:   2357       SH:  7    Dex: 13      Spells: 14/14 levels left

rFire   + . .      SeeInvis .    A - +10 whip "Dibbuok" {vamp, *Rage +Blink rF+ Dex+2}
rCold   . . .      Faith    .    Y - +0 buckler
rNeg    . . .      Spirit   .    R - +1 crystal plate armour
rPois   .          Reflect  .    B - +2 hat
rElec   .          Harm     .    p - +2 cloak
rCorr   .          Rampage  .    (no gloves)
Will    ++...      Rage     20%  g - +0 pair of boots
Stlth   ..........               (no amulet)
HPRegen 0.33/turn                h - +6 ring of strength
MPRegen 0.14/turn                S - ring of willpower

@: corroded, on berserk cooldown, slowed, very slow
A: horns 2, retaliatory headbutt
a: Renounce Religion, Evoke Blink, Berserk, Trog's Hand, Brothers in Arms


You were on level 2 of the Orcish Mines.
You worshipped Trog.
Trog was extremely pleased with you.
You visited 3 branches of the dungeon, and saw 22 of its levels.
You also visited: Volcano.

You collected 2387 gold pieces.
You spent 30 gold pieces at shops.

Inventory:

Hand Weapons
 q - a +2 vorpal executioner's axe
 v - a +2 great mace
 A - the +10 whip "Dibbuok" (weapon) {vamp, *Rage +Blink rF+ Dex+2}
   (You found it on level 6 of the Dungeon)

   It occasionally heals its wielder for a portion of the damage dealt when it
   wounds a living foe.
   Dex:       It affects your dexterity (+2).
   rF:        It protects you from fire.
   +Blink:    It lets you blink.
   *Rage:     It berserks you when you make melee attacks (+20% chance).
 F - a +7 demon trident
 V - a +3 antimagic broad axe
Missiles
 D - 24 poisoned darts (quivered)
Armour
 b - +0 fire dragon scales
 g - a +0 pair of boots (worn)
 p - a +2 cloak (worn)
 B - a +2 hat (worn)
 E - a +1 plate armour of fire resistance
 R - a +1 crystal plate armour (worn)
 U - a +0 plate armour of poison resistance
 Y - a +0 buckler (worn)
Jewellery
 h - a +6 ring of strength (left hand)
 l - an amulet of faith
 y - a ring of magical power
 Q - a +4 ring of evasion
 S - a ring of willpower (right hand)
 W - a ring of poison resistance
Wands
 f - a wand of mindburst (8)
 w - a wand of flame (45)
 C - a wand of paralysis (13)
 J - a wand of digging (13)
 O - a wand of acid (10)
Scrolls
 d - 3 scrolls of magic mapping
 o - 2 scrolls of summoning
 u - 7 scrolls of teleportation
 L - a scroll of blinking
 M - 2 scrolls of immolation
 X - 4 scrolls of butterflies
Potions
 c - 12 potions of mutation
 e - 3 potions of berserk rage
 i - a potion of magic {unknown}
 j - 3 potions of attraction
 k - a potion of ambrosia {unknown}
 m - 5 potions of curing
 n - 5 potions of flight
 r - 5 potions of lignification
 s - 4 potions of degeneration
 t - 7 potions of might
 x - 3 potions of invisibility
 z - a potion of haste
 I - a potion of experience {unknown}
 K - 3 potions of cancellation
 P - 6 potions of heal wounds
Miscellaneous
 a - a condenser vane
 G - a lightning rod (4/4)


   Skills:
 * Level 14.9 Fighting
 - Level 12.5(16.8) Axes
 + Level 18.1(19.5) Maces & Flails
 - Level 0.4 Throwing
 + Level 17.0 Armour
 - Level 2.1 Dodging
 - Level 13.0 Shields


You had 14 spell levels left.
You didn't know any spells.
Your spell library was empty.

Dungeon Overview and Level Annotations

Branches:
Dungeon (15/15)            Temple (0/1) D:7            Lair (5/5) D:10
  Swamp (0/4) Lair:2        Snake (0/4) Lair:3        Slime (0/5) Lair:4
    Orc (2/2) D:11            Elf (0/3) Orc:2        Vaults (0/5) D:13
 Depths (0/4) D:15        Volcano (visited)

Altars:
Ashenzari
Cheibriados
Elyvilon
Okawaru
Qazlal
Sif Muna
Trog
Uskayaw
Vehumet
Wu Jian
Xom
Yredelemnul
The Shining One
Jiyva

Shops:
D:2 [(?!(   D:9 [   D:15 =

Annotations:
D:15 1 runed translucent door
Lair:4 exclusion: 3 oklob plants


Innate Abilities, Weirdness & Mutations

You have a pair of horns on your head.
You reflexively headbutt those who attack you in melee.


Message History

The orc high priest is almost dead.
The smoke demon gestures at you.
The ball of steam hits the orc!!
The orc dies!
The ball of steam misses you. You block the rust devil's attack.
You block the hellwing's attack. The hellwing hits you.
The orc warrior hits you from afar with a +0 halberd!
You block the orc high priest's attack.
The orc warrior hits you with a +0 dire flail!
You hit the orc high priest.
You feel better.
You kill the orc high priest!
Trog accepts your kill.
The rust devil disappears in a puff of smoke!
The hellwing disappears in a puff of smoke!
The orange demon stings you from afar! The orc warrior barely misses you.
You furiously retaliate!
You headbutt the orc warrior, but do no damage.
The orc warrior hits you from afar with a +0 halberd.
The orc high priest hits you with a +0 long sword!
The orc warrior hits you with a +0 dire flail!
* * * LOW HITPOINT WARNING * * *
Things that are here:
a +0 long sword; a +0 club; an orc corpse The smoke demon attacks as you move away!
The smoke demon hits you.
* * * LOW HITPOINT WARNING * * *
You block the smoke demon's attack. The smoke demon barely misses you.
The orc wizard is engulfed in a cloud of scalding steam.
The orc priest looks encouraged for a moment.
Your iron troll goes berserk!
The smoke demon barely misses you. You furiously retaliate!
You headbutt the smoke demon! The smoke demon hits you.
* * * LOW HITPOINT WARNING * * *
The smoke demon hits you but does no damage.
The orc warrior hits you from afar with a +0 halberd!!
* * * LOW HITPOINT WARNING * * *
The orc warrior hits you with a +0 dire flail.
* * * LOW HITPOINT WARNING * * *
The orc high priest hits you with a +0 long sword!
You die...

..#. .#.o#..^........... ....#
#....#.............. .....
#.....#.............. ......
......#..#...........
.^....#####o.....#..............
#...............##........._....
#.....))))....##...#...........
######.))######...)............
......)o).oo3@T.))#)<.........
.........)44oo...##.........##
#.###.......o)..)##......#....#
. #.#.......$...###..#.####.##
........#......# ###### #...#
.........#...#.## #...#
#............### ##..##
#.#.......... #...# #.......#.##
##.##


You could see an orc high priest (ally target), an orange demon (summoned), a
smoke demon (summoned), a chaos spawn (summoned), 3 orc warriors, an orc priest,
an orc wizard and a friendly iron troll (summoned, berserk).

Vanquished Creatures
  Frances (D:14)
  Gastronok (Lair:1)
  A dire elephant (D:15)
  3 fire dragons
  4 vault guards (D:13)
  Erolcha (D:12)
  2 boulder beetles
  11 hydras
  An ogre mage (D:15)
  8 centaur warriors
  2 catoblepae
  11 two-headed ogres
  4 death yaks (Lair:3)
  3 orc high priests (Orc:2)
  Nergalle (Lair:1)
  Urug (Lair:1)
  A fire crab (shapeshifter) (D:13)
  A deep troll (Lair:3)
  5 lindwurms
  2 wizards
  A bog body (Lair:2)
  2 deep elf pyromancers
  2 orc knights (D:15)
  A wolf spider (Lair:5)
  4 ugly things
  5 manticores
  A salamander (shapeshifter) (D:12)
  15 elephants
  8 cyclopes
  A salamander (D:15)
  2 guardian serpents (shapeshifter)
  Joseph (D:7)
  9 cane toads
  7 black mambas
  5 torpor snails (Lair:5)
  5 gargoyles
  A guardian serpent (Lair:5)
  3 smoke demons (Volcano)
  2 rime drakes
  A freezing wraith (D:12)
  6 komodo dragons
  4 trolls
  4 tyrant leeches (Lair:5)
  4 polar bears
  10 hornets
  3 slime creatures
  5 dream sheep (Lair:5)
  Prince Ribbit (D:7)
  8 blink frogs
  3 wraiths
  28 yaks
  12 wyverns
  4 redbacks (Lair:5)
  5 basilisks
  4 vampire mosquitoes
  5 steam dragons
  3 swamp worms (Lair:2)
  An acid dragon (D:8)
  5 nagas (Lair:3)
  6 hell hounds
  21 water moccasins
  3 sky beasts
  4 black bears
  12 orc warriors
  5 ogres
  4 wolves (Lair:3)
  12 centaurs
  2 phantoms
  3 kobold brigands
  14 bullfrogs
  A necrophage (D:6)
  A gnoll sergeant (D:12)
  12 killer bees
  An electric eel (Lair:2)
  3 howler monkeys
  6 hounds
  Crazy Yiuf (D:7)
  2 gnoll boudas
  27 orc priests
  4 iguanas
  26 orc wizards
  A statue (D:11)
  21 gnolls
  6 adders
  2 shadow imps
  A white imp (D:8)
  A worm (shapeshifter) (D:13)
  2 dart slugs
  53 orcs
  9 endoplasms
  3 giant cockroaches
  7 goblins
  5 hobgoblins
  3 jackals
  5 quokkas
  11 ball pythons
  5 bats
  3 frilled lizards
  16 kobolds
  A rat (D:1)
580 creatures vanquished.

Vanquished Creatures (others)
  An orc wizard (D:13)
  3 orcs
  A butterfly (D:9)
  22 fungi
  50 plants
77 creatures vanquished.

Grand Total: 657 creatures vanquished

Notes
Turn   | Place    | Note
-------+----------+-------------------------------------------
     0 | D:1      | nickcage the Minotaur Berserker began the quest for the
                  | Orb.
     0 | D:1      | Reached XP level 1. HP: 19/19 MP: 0/0
   305 | D:1      | Reached XP level 2. HP: 26/26 MP: 1/1
   804 | D:2      | Found Dimin's Magic Scroll Shop.
   822 | D:2      | Found Zifrool's Distillery.
   859 | D:2      | Bought a potion of curing for 30 gold pieces
  1105 | D:2      | Reached skill level 5 in Axes
  1111 | D:2      | Found a faded altar of an unknown god.
  1125 | D:2      | Found Worch's Antique Weapon Shop.
  1154 | D:2      | Reached XP level 3. HP: 28/31 MP: 2/2
  1200 | D:2      | Reached ** piety under Trog
  1227 | D:2      | Found Paularph's Armour Emporium.
  1465 | D:2      | Found Acytsudu's Weapon Boutique.
  1685 | D:3      | Reached XP level 4. HP: 38/39 MP: 3/3
  1708 | D:3      | Found an iron altar of Okawaru.
  1972 | D:3      | Found a snail-covered altar of Cheibriados.
  1982 | D:3      | Reached XP level 5. HP: 43/45 MP: 4/4
  2250 | D:4      | Found a bloodstained altar of Trog.
  2445 | D:4      | Found a shimmering altar of Xom.
  2737 | D:5      | Entered Level 5 of the Dungeon
  2737 | D:5      | Noticed a black bear
  2857 | D:5      | Killed a black bear
  2858 | D:5      | Reached XP level 6. HP: 51/51 MP: 5/5
  3169 | D:5      | Reached *** piety under Trog
  3488 | D:5      | Reached XP level 7. HP: 57/57 MP: 6/6
  3856 | D:6      | Reached skill level 10 in Axes
  4472 | D:6      | Reached XP level 8. HP: 64/64 MP: 7/7
  4737 | D:6      | Identified the +10 whip "Dibbuok" {vamp, *Rage +Blink rF+
                  | Dex+2}
  4793 | D:6      | Reached skill level 1 in Maces & Flails
  4993 | D:7      | Noticed Prince Ribbit
  4999 | D:7      | Killed Prince Ribbit
  5000 | D:7      | Reached skill level 2 in Maces & Flails
  5096 | D:7      | Noticed Joseph
  5104 | D:7      | Reached skill level 3 in Maces & Flails
  5111 | D:7      | Killed Joseph
  5112 | D:7      | Reached skill level 5 in Fighting
  5112 | D:7      | Reached skill level 4 in Maces & Flails
  5112 | D:7      | Reached skill level 5 in Armour
  5112 | D:7      | Reached XP level 9. HP: 74/74 MP: 8/8
  5392 | D:7      | Found a runed translucent door.
  5393 | D:7      | Noticed Crazy Yiuf
  5500 | D:7      | Killed Crazy Yiuf
  5631 | D:7      | Reached skill level 5 in Maces & Flails
  5633 | D:7      | Reached **** piety under Trog
  5687 | D:7      | Found a staircase to the Ecumenical Temple.
  5847 | D:7      | Reached skill level 6 in Maces & Flails
  6073 | D:8      | Found a hide-covered altar of Uskayaw.
  6234 | D:8      | Found a basalt altar of Yredelemnul.
  6864 | D:8      | Reached skill level 7 in Maces & Flails
  7160 | D:9      | Reached skill level 8 in Maces & Flails
  7192 | D:9      | Found Ibbie's Armour Shop.
  7332 | D:9      | Noticed a two-headed ogre
  7340 | D:9      | Killed a two-headed ogre
  7341 | D:9      | Reached skill level 9 in Maces & Flails
  7341 | D:9      | Reached XP level 10. HP: 84/84 MP: 9/9
  7509 | D:9      | Found a broken altar of Ashenzari.
  7646 | D:9      | Reached skill level 10 in Maces & Flails
  7720 | D:9      | Found a white marble altar of Elyvilon.
  8013 | D:10     | Entered Level 10 of the Dungeon
  8444 | D:10     | Reached skill level 11 in Maces & Flails
  8595 | D:10     | Found a staircase to the Lair.
  8657 | D:10     | Found a shimmering blue altar of Sif Muna.
  8658 | D:10     | Found a glowing golden altar of the Shining One.
  8665 | D:10     | Found a stormy altar of Qazlal.
  8724 | Lair:1   | Entered Level 1 of the Lair of Beasts
  8738 | Lair:1   | Noticed Gastronok
  8779 | Lair:1   | Killed Gastronok
  8780 | Lair:1   | Reached skill level 12 in Maces & Flails
  8780 | Lair:1   | Reached XP level 11. HP: 92/92 MP: 10/10
  9142 | Lair:1   | Noticed Urug
  9155 | Lair:1   | Killed Urug
  9156 | Lair:1   | Reached skill level 13 in Maces & Flails
  9360 | Lair:1   | Reached ***** piety under Trog
  9379 | Lair:1   | Found an ornate altar of the Wu Jian Council.
  9428 | Lair:1   | Noticed Nergalle
  9443 | Lair:1   | Killed Nergalle
  9444 | Lair:1   | Reached skill level 10 in Armour
  9982 | Lair:2   | Noticed a five-headed hydra
  9992 | Lair:2   | Killed a five-headed hydra
  9993 | Lair:2   | Reached skill level 14 in Maces & Flails
 10162 | Lair:2   | Reached XP level 12. HP: 104/104 MP: 11/11
 10205 | Lair:2   | Reached skill level 15 in Maces & Flails
 10220 | Lair:2   | Noticed an eight-headed hydra
 10229 | Lair:2   | Killed an eight-headed hydra
 10712 | Lair:2   | Found a staircase to the Swamp.
 11295 | Lair:3   | Reached skill level 10 in Fighting
 11372 | Lair:3   | Noticed a seven-headed hydra
 11377 | Lair:3   | Killed a seven-headed hydra
 11904 | Lair:3   | Noticed a catoblepas
 11924 | Lair:3   | Killed a catoblepas
 11994 | Lair:3   | Noticed a death yak
 11994 | Lair:3   | Noticed a death yak
 11994 | Lair:3   | Noticed a death yak
 12187 | D:11     | Noticed a boulder beetle
 12255 | D:11     | Killed a boulder beetle
 12374 | D:11     | Reached skill level 16 in Maces & Flails
 12440 | D:11     | Noticed a seven-headed hydra
 12453 | D:11     | Killed a seven-headed hydra
 12456 | D:11     | Noticed a two-headed ogre
 12466 | D:11     | Killed a two-headed ogre
 12466 | D:11     | Received a gift from Trog
 12560 | D:11     | Found a radiant altar of Vehumet.
 12664 | D:11     | Found a staircase to the Orcish Mines.
 12698 | D:11     | Reached XP level 13. HP: 116/116 MP: 12/12
 13153 | D:12     | Noticed Erolcha
 13166 | D:12     | Killed Erolcha
 14142 | D:13     | Found a gate to the Vaults.
 14201 | D:13     | Reached skill level 1 in Shields
 14215 | D:13     | Reached skill level 17 in Maces & Flails
 14448 | Lair:3   | Found a staircase to the Snake Pit.
 14675 | Lair:3   | Reached skill level 15 in Armour
 14688 | Lair:3   | Received a gift from Trog
 14902 | Lair:4   | Found a dark tunnel.
 14916 | Volcano  | Entered a volcano
 15274 | Volcano  | Noticed a fire dragon
 15274 | Volcano  | Found the +2 cloak of the Thief {*Fog Slay-2 SInv Stlth+}
 15291 | Volcano  | Killed a fire dragon
 15433 | Lair:4   | Reached XP level 14. HP: 97/127 MP: 13/13
 15443 | Lair:4   | Reached ****** piety under Trog
 15556 | Lair:4   | Paralysed by a floating eye for 2 turns
 15562 | Lair:4   | Paralysed by a floating eye for 4 turns
 15575 | Lair:4   | Paralysed by a floating eye for 4 turns
 15793 | Lair:4   | Found a staircase to the Slime Pits.
 15793 | Lair:4   | Found a viscous altar of Jiyva.
 15899 | Lair:5   | Entered Level 5 of the Lair of Beasts
 16352 | Lair:5   | Reached skill level 5 in Shields
 16553 | Lair:5   | Received a gift from Trog
 17729 | Lair:5   | Found a runed translucent door.
 17792 | Lair:5   | Paralysed by a hornet for 3 turns
 17822 | Lair:5   | Reached skill level 10 in Shields
 18594 | Orc:1    | Entered Level 1 of the Orcish Mines
 19777 | D:14     | Reached XP level 15. HP: 135/136 MP: 14/14
 20039 | D:14     | Noticed Frances
 20059 | D:14     | Killed Frances
 20502 | D:15     | Entered Level 15 of the Dungeon
 20717 | D:15     | Paralysed by an ogre mage for 3 turns
 20978 | D:15     | Received a gift from Trog
 21009 | D:15     | Reached skill level 18 in Maces & Flails
 21059 | D:15     | Found Zediadu's Jewellery Shoppe.
 21171 | D:15     | Noticed a frost giant
 21172 | D:15     | Found a runed translucent door.
 21314 | D:15     | Found a staircase to the Depths.
 22081 | Orc:2    | Entered Level 2 of the Orcish Mines
 22159 | Orc:2    | Found a staircase to the Elven Halls.
 22170 | Orc:2    | Found a bloodstained altar of Trog.
 22353 | Orc:2    | HP: 3/139 [orc warrior/+0 dire flail (4)]
 22353 | Orc:2    | Mangled by an orc high priest

Illustrated notes

Levels and vault maps discovered:
D:1:      lemuel_arrival_funnel, layout_loops_ring
D:2:      layout_basic, basic_ecumenical_altar, serial_forest,
          infiniplex_forest_3_way, infiniplex_forest_clump_long,
          infiniplex_forest_end_2, infiniplex_forest_side_room, serial_shops,
          nicolae_shop_behind_doors, nicolae_shop_statue_plus,
          nicolae_shop_statue_plus, shop, nicolae_shop_stone,
          minmay_shallow_snake_nest
D:3:      kb_forest_paths, layout_basic, old_standard_altar,
          mainiacjoe_overflow_small_starburst
D:4:      layout_basic, mainiacjoe_overflow_paths, mainiacjoe_overflow_alcove_1
D:5:      layout_basic
D:6:      layout_rooms
D:7:      layout_loops_corners, minmay_temple_entry_gardened_gates,
          uniq_crazy_yiuf_cottage, uniq_prince_ribbit1, uniq_joseph
D:8:      layout_basic, lemuel_tele_altar, mainiacjoe_overflow_six_doors_small
D:9:      layout_layer_cave, nicolae_elyvilon_peaceful_grove,
          nicolae_ashenzari_skybound, serial_shops, shop
D:10:     layout_roguey, grunt_temple_overflow_open, lair_entry_dummy
D:11:     layout_cave_pools, erik_orc_3, vehumet_statue
D:12:     minmay_cornered_nines, layout_small_grid, uniq_erolcha
D:13:     layout_irregular_city, lightli_vaults_fourway_checkpoint
D:14:     layout_roguey, nrook_campfire, uniq_frances
D:15:     hangedman_depths_entry_try_elsewhere_first, layout_basic,
          serial_shops, nicolae_shop_hallway_stairs, minmay_st_funbox
Lair:1:   layout_gridlike, basic_altar, beast_lair_carwin_7, grunt_megastairs_2,
          uniq_urug, uniq_gastronok, uniq_nergalle
Lair:2:   layout_small_grid, nicolae_swamp_entry_splash_gauntlet
Lair:3:   dreamdust_cave_troll, layout_regular_city,
          minmay_snake_entry_guardpost_medium
Lair:4:   layout_cave_shapes, slime_entry_1, enter_volcano_3, disabler_island
Lair:5:   hangedman_lair_tendril_chambers, layout_layer_cave, wormcave
Orc:1:    layout_caves, nicolae_orc_pool_cavern
Orc:2:    st_orc_mages, layout_caves, basic_altar

Skill      XL: |  1  2  3  4  5  6  7  8  9 10 11 12 13 14 15 |
---------------+----------------------------------------------+-----
Axes           | 4 5 6 8 9 11 12 | 12.5
Maces & Flails | 4 9 12 14 16 17 18 | 18.1
Fighting       | 5 6 7 9 11 12 13 14 | 14.9
Armour         | 5 7 9 11 13 15 16 17 | 17.0
Shields        | 2 12 13 | 13.0
Throwing       | |  0.4
Dodging        | |  2.1

Action                   |  1- 3 |  4- 6 |  7- 9 | 10-12 | 13-15 || total
-------------------------+-------+-------+-------+-------+-------++-------
Melee: Hand axe          |    96 |   127 |   100 |       |       ||   323
       Headbutt          |    12 |    15 |    36 |   156 |   297 ||   516
       Punch             |     1 |     3 |     3 |     7 |     3 ||    17
       Whip              |       |       |   116 |   522 |  1156 ||  1794
Throw: Throwing net      |     1 |       |       |       |       ||     1
       Boomerang         |       |     9 |    23 |       |       ||    32
       Dart              |       |       |     3 |    15 |     9 ||    27
Invok: Berserk           |       |       |     1 |     1 |     1 ||     3
       Brothers in Arms  |       |       |       |       |     2 ||     2
       Trog's Hand       |       |       |       |       |     1 ||     1
  Use: Scroll            |       |       |       |    14 |    13 ||    27
       Potion            |       |       |       |       |     3 ||     3
 Stab: Distracted        |       |       |       |       |     1 ||     1
Armor: Animal skin       |     3 |       |       |       |       ||     3
       Plate armour      |    63 |    73 |   106 |    12 |       ||   254
       Crystal plate arm |       |       |       |   259 |   620 ||   879
Dodge: Dodged            |    49 |    37 |    64 |   165 |   328 ||   643
Block: Buckler           |       |       |       |       |   219 ||   219

Table legend: (Time is in decaauts)
 A = Elapsed time spent in this place.
 B = Non-inter-level travel time spent in this place.
 C = Inter-level travel time spent in this place.
 D = Time resting spent in this place.
 E = Time spent auto-exploring this place.
 F = Levels seen in this place.
 G = Mean time per level.
                   A        B        C        D        E       F      G
               +--------+--------+--------+--------+--------+-----+--------+
         Total |  22617 |  21491 |   1126 |   1609 |  15916 |  23 |  983.3 |
       Dungeon |  14086 |  13315 |    771 |    730 |  10356 |  15 |  939.1 |
          Lair |   7237 |   6915 |    322 |    760 |   4806 |   5 | 1447.4 |
  Orcish Mines |    841 |    810 |     31 |     33 |    612 |   2 |  420.5 |
       Volcano |    451 |    451 |      0 |     86 |    141 |   1 |  451.0 |
               +--------+--------+--------+--------+--------+-----+--------+

Top non-repeatable levels by time:
  Lair:5: 2632 daAuts
  Lair:2: 1419 daAuts
  Lair:1: 1333 daAuts
  Lair:3: 1275 daAuts
    D:13: 1192 daAuts
    D:12: 1173 daAuts
     D:6: 1132 daAuts
     D:7: 1128 daAuts
     D:8: 1108 daAuts
    D:11: 1079 daAuts
     D:5: 1057 daAuts
    D:15: 960 daAuts
     D:9: 886 daAuts
     D:2: 816 daAuts
    D:10: 808 daAuts
